 Dungeon Crawl Stone Soup version 0.21.0-37-g46506fa (webtiles) character file.

94 Kurtz the Chopper (level 4, -5/31 HPs)
             Began as an Octopode Abyssal Knight on Feb 1, 2018.
             Was a Follower of Lugonu.
             Slain by Sigmund
             ... wielding a +1 scythe of protection
              (9 damage)
             ... on level 2 of the Dungeon.
             The game lasted 00:01:53 (1185 turns).

Kurtz the Chopper (Octopode Abyssal Knight)         Turns: 1185, Time: 00:01:53

Health: -5/31      AC:  1    Str: 19    XL:     4   Next: 63%
Magic:  5/5        EV: 14    Int: 14    God:    Lugonu [*.....]
Gold:   92         SH:  0    Dex: 15    Spells: 3/3 levels left

rFire    . . .     SeeInvis .   c - +8 hand axe of Hubris {flame, rPois Str+2 Dex+4}
rCold    . . .     Gourm    .   (no shield)
rNeg     . . .     Faith    .   (helmet restricted)
rPois    +         Spirit   .   l - amulet of regeneration
rElec    .         Reflect  .   (no ring)
rCorr    .         Harm     .   (no ring)
MR       .....                  (no ring)
Stlth    ++........             (no ring)
HPRegen  0.50/turn              (no ring)
MPRegen  0.09/turn              (no ring)
                                (no ring)
                                (no ring)

@: mighty
A: almost no armour, stealthy swim, amphibious, 8 rings, constrict 8, camouflage
1, gelatinous body 1
a: Depart the Abyss, Renounce Religion


You were on level 2 of the Dungeon.
You worshipped Lugonu.
Lugonu was aware of your devotion.
You were not hungry.

You visited 1 branch of the dungeon, and saw 2 of its levels.
You visited the Abyss 1 time.

You collected 92 gold pieces.

Inventory:

Hand Weapons
 a - a +1 hand axe
 c - the +8 hand axe of Hubris (weapon) {flame, rPois Str+2 Dex+4}
   (You found it on level 2 of the Abyss)

   It has been specially enchanted to burn those struck by it, causing extra
   injury to most foes and up to half again as much damage against particularly
   susceptible opponents.
   Big, fiery blades are also staple armaments of hydra-hunters.
   It affects your strength (+2).
   It affects your dexterity (+4).
   It protects you from poison.
Jewellery
 l - an amulet of regeneration (around mantle)
Scrolls
 d - a scroll of enchant armour {unknown}
 e - 4 scrolls of identify {unknown}
 g - 2 scrolls of remove curse {unknown}
 j - a scroll of magic mapping {unknown}
 k - a scroll of fear {unknown}
Potions
 f - a potion of lignification {unknown}
 h - a potion of might
 m - a potion of curing {unknown}
 n - a potion of invisibility {unknown}
Comestibles
 b - 3 rations
 i - 3 chunks of flesh


   Skills:
 - Level 3.1 Fighting
 * Level 4.0 Axes
 * Level 3.2 Dodging
 - Level 2.0 Invocations


You had 3 spell levels left.
You didn't know any spells.

Dungeon Overview and Level Annotations

Branches:
Dungeon (2/15)

Altars:
Fedhas

Annotations:
D:2 Sigmund


Innate Abilities, Weirdness & Mutations

You cannot wear most types of armour.
You are very stealthy in the water. (Stealth+)
You are amphibious.
You can wear up to eight rings at the same time.
You can use your tentacles to constrict eight enemies at once.
Your skin changes colour to match your surroundings (Stealth+).
Your rubbery body absorbs attacks. (AC +1, EV +1)


Message History

Sigmund points at you and mumbles some strange words.
You are more confused.
You release your grip on Sigmund.
Sigmund misses you. Sigmund hits you but does no damage.
You are too confused!
You closely miss Sigmund. Your squeeze misses Sigmund.
Sigmund is heavily wounded.
Sigmund casts a spell.
Sigmund flickers and vanishes!
Deactivating autopickup; reactivate with Ctrl-A.
Something hits you! Something hits you!
You're too confused to move!
Something barely misses you. Something hits you!
* * * LOW HITPOINT WARNING * * *
It was a potion of might.
You feel very mighty all of a sudden.
You feel less confused. Something hits you!
You die...

#.#......##.
#.###.##.##.....
##.#.#....##.###.#
##.##.####
#.........##.....# #
#..##.#
#..............>##
#.#.###.#
#.##.##.######.##
#.#.###.# #.##.##.# #.#
#.......# #.##.##.##
###.### ###.#####
#........# #†.!..#
#.....# #........#
#..@..# #.#.#.#
##.#..##.# #...{.#
#.#...# #.##.##.#
#.....# #.##..#
#.##.##.# #.....#
#.....# #.......#
####### ####.##
####.###### ### #<#
#.............########.#
#.##.##..####.#.....##.#
#.##.##..####.#.###.##.#


There were no monsters in sight!

Vanquished Creatures
  Terence (D:2)
  2 adders (D:2)
  3 dart slugs
  2 leopard geckos
  5 giant cockroaches
  6 goblins
  2 hobgoblins (D:1)
  6 jackals
  7 bats
  2 frilled lizards (D:1)
  A kobold (D:1)
  4 rats
  A fungus (D:2)
  A plant (D:2)
43 creatures vanquished.

Notes
Turn   | Place    | Note
-------+----------+-------------------------------------------
     0 | Abyss:1  | Kurtz the Octopode Abyssal Knight began the quest for the Orb.
     0 | Abyss:1  | Reached XP level 1. HP: 16/16 MP: 2/2
    38 | Abyss:2  | Got an iridescent hand axe
    39 | Abyss:2  | Identified the +8 hand axe of Hubris {flame, rPois Str+2 Dex+4} (You found it on level 2 of the Abyss)
    96 | Abyss:2  | Noticed a tentacled starspawn
   101 | D:1      | Escaped the Abyss
   166 | D:1      | Reached * piety under Lugonu
   166 | D:1      | Reached XP level 2. HP: 21/21 MP: 3/3
   332 | D:1      | Reached skill level 3 in Axes
   339 | D:1      | Reached XP level 3. HP: 25/26 MP: 4/4
   779 | D:2      | Found a blossoming altar of Fedhas.
   818 | D:2      | Noticed Terence
   926 | D:2      | Reached XP level 4. HP: 31/31 MP: 5/5
  1027 | D:2      | Killed Terence
  1150 | D:2      | Reached skill level 4 in Axes
  1162 | D:2      | Noticed Sigmund
  1185 | D:2      | Slain by Sigmund

Skill      XL: |  1  2  3  4 |
---------------+-------------+-----
Axes           | 3 4 |  4.0
Dodging        | 3 |  3.2
Fighting       | |  3.1
Invocations    | |  2.0

Action                   |  1- 3 |  4- 6 || total
-------------------------+-------+-------++-------
Melee: Hand axe          |    46 |    20 ||    66
       Constrict         |     4 |     6 ||    10
       Tentacles         |     4 |     5 ||     9
Invok: Depart the Abyss  |     1 |       ||     1
  Use: Potion            |       |     1 ||     1
 Stab: Sleeping          |     8 |     1 ||     9
  Eat: Chunk             |       |     1 ||     1
Armor: Skin              |     4 |     1 ||     5
Dodge: Dodged            |    20 |    13 ||    33
